 Dungeon Crawl Stone Soup version 0.30-a0-782-ge64f9170bb (webtiles) character file.

Game seed: 11436039326139295855

38 Crownlay the Digger (level 3, -6/21 HPs)
             Began as an Octopode Earth Elementalist on Mar 6, 2023.
             Mangled by Sigmund
             ... wielding a +0 scythe
              (9 damage)
             ... on level 2 of the Dungeon.
             The game lasted 00:01:18 (878 turns).

Crownlay the Digger (Octopode Earth Elementalist)    Turns: 878, Time: 00:01:18

Health: -6/21      AC:  1    Str:  7    XL:     3   Next: 43%
Magic:  6/6        EV: 13    Int: 19    God:
Gold:   83         SH:  0    Dex: 12    Spells: 6/7 levels left

rFire   . . .      SeeInvis .    e - +0 dagger (speed)
rCold   . . .      Faith    .    (no shield)
rNeg    . . .      Spirit   .    (helmet restricted)
rPois   .          Reflect  .    (no amulet)
rElec   .          Harm     .    (no ring)
rCorr   .          Rampage  .    (no ring)
Will    .....                    (no ring)
Stlth   ++                       (no ring)
HPRegen 0.23/turn                (no ring)
MPRegen 0.10/turn                (no ring)
                                 (no ring)
                                 (no ring)

@: confused
A: almost no armour, amphibious, 8 rings, camouflage 1, gelatinous body 1,
(nimble swimmer 1), tentacles
a: no special abilities


You were on level 2 of the Dungeon.
You visited 1 branch of the dungeon, and saw 2 of its levels.

You collected 83 gold pieces.

Inventory:

Hand Weapons
 e - a +0 dagger of speed (weapon)
Scrolls
 b - 2 scrolls of teleportation {unknown}
Potions
 a - 3 potions of magic
 c - a potion of might {unknown}
 d - a potion of mutation {unknown}


   Skills:
 - Level 2.0 Dodging
 - Level 2.6 Stealth
 + Level 2.5 Spellcasting
 - Level 1.0 Transmutations
 * Level 4.0 Earth Magic


You had 6 spell levels left.
You knew the following spells:

 Your Spells              Type           Power      Damage    Failure   Level
a - Sandblast             Erth           34%        2d9       3%          1

Your spell library contained the following spells:

 Spells                   Type           Power      Damage    Failure   Level
 Passwall                 Tmut/Erth      9%         N/A       9%          2
 Magic Dart               Conj           8%         1d3       16%         1
 Stone Arrow              Conj/Erth      20%        3d8       22%         3
 Call Imp                 Summ           2%         N/A       24%         2
 Searing Ray              Conj           4%         2d4       24%         2
 Mephitic Cloud           Conj/Pois/Air  2%         N/A       43%         3
 Petrify                  Tmut/Erth      11%        N/A       50%         4
 Fulminant Prism          Conj/Hex       1%         3d5       85%         4


Dungeon Overview and Level Annotations

Branches:
Dungeon (2/15)

Altars:

Annotations:
D:2 Sigmund


Innate Abilities, Weirdness & Mutations

You cannot wear most types of armour.
You are amphibious.
You can wear up to eight rings at the same time.
Your skin changes colour to match your surroundings (Stealth+).
Your rubbery body absorbs attacks. (AC +1, EV +1)
((You are camouflaged when in or above water. (Stealth+)))
You have tentacles for arms and can constrict up to eight enemies at once.


Message History

Found a stone staircase leading up.
Sigmund and a hobgoblin come into view.
Sigmund shouts!
The hobgoblin shouts!
There are monsters nearby!
There are monsters nearby!
The blast of sand hits the hobgoblin but does no damage.
The hobgoblin closely misses you. Sigmund hits you but does no damage.
The hobgoblin attacks as you move away! The hobgoblin misses you.
The hobgoblin attacks as you move away! The hobgoblin misses you.
Sigmund gestures wildly while chanting.
Sigmund flickers and vanishes!
Deactivating autopickup; reactivate with Ctrl-A.
Casting: Sandblast (safe; 3% risk of failure)
Confirm with . or Enter, or press ? or * to list all spells.
Aiming: Sandblast (safe; 3% risk of failure)
Press: ? - help, Shift-Dir - straight line, f/p - hobgoblin
Aim: a hobgoblin (82% to hit)
The blast of sand hits the hobgoblin.
You kill the hobgoblin!
A magic dart appears from out of thin air!
The magic dart hits you!
There is an open door here.
A magic dart appears from out of thin air!
The magic dart hits you!
Casting: Sandblast (safe; 3% risk of failure)
Confirm with . or Enter, or press ? or * to list all spells.
Aiming: Sandblast (safe; 3% risk of failure)
Press: ? - help, Shift-Dir - straight line You are confused.
Sigmund appears from thin air!
Reactivating autopickup.
You're too confused to move!
Sigmund gestures at you while chanting.
You are more confused.
Sigmund gestures at you while chanting. The puff of flame hits you!
* * * LOW HITPOINT WARNING * * *
You bump into the rock wall.
Sigmund hits you from afar with a +0 scythe!
You die...

####.# #. ..#.######.#
..# #.#.. ....# ...#
##<#.#####..# ...# #..
#..#.#......#######...#
#..
#....#.###..........#
#..
#.##................#
#..
#.##................#
#..
#.........).@.@.....#
#..
#...........###...###
#.. #...........#
###..##########
####..).....#
##.........##
#........# ##........##
#........# #..........
#........# #........##
#.....)..# ##########
##########


You could see Sigmund.

Vanquished Creatures
  2 adders (D:2)
  2 ball pythons (D:1)
  3 bats
  An endoplasm (D:2)
  A giant cockroach (D:2)
  3 goblins (D:1)
  A hobgoblin (D:2)
  4 kobolds
  A quokka (D:1)
  A frilled lizard (D:1)
  A rat (D:1)
20 creatures vanquished.

Notes
Turn   | Place    | Note
-------+----------+-------------------------------------------
     0 | D:1      | Crownlay the Octopode Earth Elementalist began the quest
                  | for the Orb.
     0 | D:1      | Reached XP level 1. HP: 11/11 MP: 3/3
   318 | D:1      | Reached XP level 2. HP: 17/17 MP: 3/5
   758 | D:2      | Reached XP level 3. HP: 21/21 MP: 0/6
   763 | D:2      | Reached skill level 4 in Earth Magic
   840 | D:2      | Noticed Sigmund
   878 | D:2      | Mangled by Sigmund

Illustrated notes

Levels and vault maps discovered:
D:1:      giann_horns, layout_basic
D:2:      layout_basic, basic_altar, uniq_sigmund, uniq_crazy_yiuf_cottage

Skill      XL: |  1  2  3 |
---------------+----------+-----
Earth Magic    | 4 |  4.0
Dodging        | |  2.0
Stealth        | |  2.6
Spellcasting   | |  2.5
Transmutations | |  1.0

Action                     || total
---------------------------++-------
  Melee: Dagger            ||     6
         Constrict         ||     2
         Tentacles         ||     1
   Cast: Sandblast         ||    25
 Armour: Skin              ||     1
  Dodge: Dodged            ||     5

Table legend: (Time is in decaauts)
 A = Elapsed time spent in this place.
 B = Non-inter-level travel time spent in this place.
 C = Inter-level travel time spent in this place.
 D = Time resting spent in this place.
 E = Time spent auto-exploring this place.
 F = Levels seen in this place.
 G = Mean time per level.
                   A        B        C        D        E       F      G
               +--------+--------+--------+--------+--------+-----+--------+
         Total |    887 |    880 |      7 |      0 |    738 |   2 |  443.5 |
       Dungeon |    887 |    880 |      7 |      0 |    738 |   2 |  443.5 |
               +--------+--------+--------+--------+--------+-----+--------+

Top non-repeatable levels by time:
     D:1: 690 daAuts
     D:2: 196 daAuts
